 Dungeon Crawl Stone Soup version 0.26-a0-259-g1effd001a9 (webtiles) character file.

Game seed: 1262399362017561260

135 raph the Digger (level 5, -5/28 HPs)
             Began as a Gargoyle Earth Elementalist on July 18, 2020.
             Blown up by Pikel (30 damage)
             ... with a disintegration bolt
             ... on level 4 of the Dungeon.
             The game lasted 00:07:59 (4359 turns).

raph the Digger (Gargoyle Earth Elementalist)       Turns: 4359, Time: 00:08:00

Health: -5/28      AC:  9    Str: 12    XL:     5   Next: 18%
Magic:  8/8        EV: 12    Int: 16    God:
Gold:   109        SH:  0    Dex: 10    Spells: 2/8 levels left

rFire    . . .     SeeInvis +   g - +1 dagger
rCold    . . .     Faith    .   (no shield)
rNeg     + . .     Spirit   .   c - +0 robe
rPois    ∞         Reflect  .   (no helmet)
rElec    +         Harm     .   y - +1 cloak
rCorr    .                      (no gloves)
MR       .....                  v - +0 pair of boots
Stlth    ++........             (no amulet)
HPRegen  0.09/turn              i - ring of see invisible
MPRegen  0.11/turn              (no ring)

@: very slightly contaminated
A: negative energy resistance 1, electricity resistance, unbreathing,
petrification resistance, rot immunity, AC +4
a: no special abilities


You were on level 4 of the Dungeon.
You were not hungry.

You visited 1 branch of the dungeon, and saw 4 of its levels.

You collected 109 gold pieces.

Inventory:

Hand Weapons
 g - a +1 dagger (weapon)
 q - a +0 mace
Missiles
 b - 98 stones (quivered)
 x - 4 boomerangs
Armour
 c - a +0 robe (worn)
 p - +0 shadow dragon scales
 v - a +0 pair of boots (worn)
 y - a +1 cloak (worn)
Jewellery
 i - a ring of see invisible (left hand)
Scrolls
 e - 3 scrolls of enchant weapon
 r - a scroll of blinking
 t - a scroll of amnesia
 w - a scroll of remove curse
Potions
 a - a potion of flight
 l - a potion of cancellation
 o - a potion of brilliance
 s - a potion of resistance
 u - a potion of berserk rage
 z - a potion of might
 A - a potion of curing {unknown}
 B - a potion of haste {unknown}
Comestibles
 d - 11 rations


   Skills:
 - Level 1.5 Dodging
 - Level 2.1 Stealth
 - Level 2.4 Spellcasting
 * Level 2.7 Conjurations
 - Level 0.7 Transmutations
 * Level 5.7 Earth Magic


You had 2 spell levels left.
You knew the following spells:

 Your Spells              Type           Power        Failure   Level
a - Sandblast             Erth           ###...       1%          1
b - Passwall              Tmut/Erth      ##......     9%          2
c - Stone Arrow           Conj/Erth      ###...       11%         3

Your spell library contained the following spells:

 Spells                   Type           Power        Failure   Level
 Petrify                  Tmut/Erth      ##......     47%         4
 Lee's Rapid Deconstruct  Erth           ###.......   47%         5


Dungeon Overview and Level Annotations

Branches:
Dungeon (4/15)
 Temple: D:4-7

Altars:
Nemelex Xobeh

Annotations:
D:4 Dowan, Duvessa, Pikel


Innate Abilities, Weirdness & Mutations

You are resistant to torment.
Your stone body is resilient. (AC +4)
You are immune to poison.
You resist negative energy. (rN+)
You are resistant to electric shocks. (rElec)
You can survive without breathing.
You are immune to petrification.
You are immune to rotting.


Message History

Uppercase [Y]es or [N]o only, please.
Really abort (and waste the scroll)?
Okay, then.
As you read the scroll labeled KOGIOM DYOGOU, it crumbles to dust.
You feel blessed for a moment.
It was a scroll of remove curse.
Done exploring.
There is a stone staircase leading down here.
You climb downwards.
Level annotation: Pikel Duvessa, Sister of Dowan comes into view.
She is wielding a +0 short sword.
The lemure shouts!
Duvessa shouts!
Pikel shouts!
The lemure shouts!
You hear a shout!
Dowan, Brother of Duvessa comes into view.
He is wielding a +0 dagger.
The lemure hits you but does no damage.
The lemure shouts!
There is a stone staircase leading up here.
Dowan casts a spell.
Dowan blinks!
The lemure hits you.
Pikel zaps a wand.
You are blasted!
Ouch! That really hurt!
You die...

.. #.#.#
#######.#$
..........
.........
[......5.
......55###
.....eK5§.#
.#####@#.#
..........#
Z.#####...#
.......
###e..###
##..# #..#
#..# ....


You could see Pikel, Duvessa, 4 lemures, Dowan and a centaur skeleton.

Vanquished Creatures
  2 worker ants (D:4)
  2 adders (D:2)
  A worm (D:4)
  4 leopard geckos
  An orc (D:3)
  6 bats
  5 giant cockroaches
  5 goblins
  9 hobgoblins
  6 jackals
  4 frilled lizards
  10 kobolds
  6 rats
61 creatures vanquished.

Notes
Turn   | Place    | Note
-------+----------+-------------------------------------------
     0 | D:1      | raph the Gargoyle Earth Elementalist began the quest for
                  | the Orb.
     0 | D:1      | Reached XP level 1. HP: 10/10 MP: 3/3
   130 | D:1      | Reached skill level 4 in Earth Magic
   278 | D:1      | Reached XP level 2. HP: 14/15 MP: 3/5
   303 | D:1      | Learned a level 2 spell: Passwall
  1513 | D:1      | Reached XP level 3. HP: 12/19 MP: 4/6
  1662 | D:1      | Learned a level 3 spell: Stone Arrow
  2285 | D:2      | Reached skill level 1 in Conjurations
  2593 | D:2      | Reached skill level 5 in Earth Magic
  2593 | D:2      | Reached XP level 4. HP: 8/24 MP: 5/7
  3872 | D:3      | Found a sparkling altar of Nemelex Xobeh.
  4105 | D:4      | Noticed Pikel
  4105 | D:4      | Noticed a lemure
  4105 | D:4      | Noticed a lemure
  4105 | D:4      | Noticed a lemure
  4105 | D:4      | Noticed a lemure
  4204 | D:4      | Reached XP level 5. HP: 17/28 MP: 4/8
  4358 | D:4      | Noticed Duvessa
  4358 | D:4      | Noticed Dowan
  4359 | D:4      | Blown up by Pikel

Illustrated notes

Levels and vault maps discovered:
D:1:      shiori_arrival_elements, layout_loops_ring, serial_forest,
          infiniplex_forest_lined_room_2, infiniplex_forest_lined_corner,
          infiniplex_forest_straight_5, infiniplex_forest_lined_room_3,
          infiniplex_forest_lined_3, infiniplex_forest_lined_3_way,
          infiniplex_forest_lined_4_way, infiniplex_forest_clump_double,
          infiniplex_forest_straight_4
D:2:      layout_loops_ring, hangedman_decor_growths, kennysheep_generic_room_11
D:3:      layout_rooms, old_standard_altar, first_ration
D:4:      layout_loops_ring, elyvilon_altar_3, uniq_pikel, uniq_duvessa,
          uniq_ijyb

Skill      XL: |  1  2  3  4 |
---------------+-------------+-----
Earth Magic    | 4 5 |  5.7
Conjurations   | 1 2 |  2.7
Dodging        | |  1.5
Stealth        | |  2.1
Spellcasting   | |  2.4
Transmutations | |  0.7

Action                   |  1- 3 |  4- 6 || total
-------------------------+-------+-------++-------
Melee: Unarmed           |    51 |       ||    51
       Dagger            |   123 |   109 ||   232
       Mace              |    44 |       ||    44
 Cast: Sandblast         |    15 |    11 ||    26
       Passwall          |     1 |     4 ||     5
  Use: Scroll            |       |    13 ||    13
 Stab: Sleeping          |     3 |     2 ||     5
  Eat: Ration            |     2 |     1 ||     3
Armor: Robe              |    95 |    40 ||   135
Dodge: Dodged            |   182 |    71 ||   253

Table legend:
 A = Non-vault XP
 B = Vault XP
 C = Vault XP percentage of total XP
 D = Non-vault monster count
 E = Vault monster count
 F = Vault count percentage of total count
                 A         B        C        D         E       F
            +---------+---------+-------+---------+---------+-------
      Total |     191 |       2 |   1.0 |      60 |       1 |   1.6
            +---------+---------+-------+---------+---------+-------
        D:1 |      36 |       0 |   0.0 |      22 |       0 |   0.0
        D:2 |      68 |       2 |   2.9 |      26 |       1 |   3.7
        D:3 |      15 |       0 |   0.0 |       9 |       0 |   0.0
        D:4 |      72 |       0 |   0.0 |       3 |       0 |   0.0
            +---------+---------+-------+---------+---------+-------
